 Dungeon Crawl Stone Soup version 0.30.0-5-g1a98f26d00 (webtiles) character file.

Game seed: 6007496695200755472

54 growler the Insei (level 3, -3/26 HPs)
             Began as a Merfolk Transmuter on May 8, 2023.
             Killed from afar by a white imp (11 damage)
             ... with a puff of frost
             ... on level 3 of the Dungeon.
             The game lasted 00:06:41 (2135 turns).

growler the Insei (Merfolk Transmuter)              Turns: 2135, Time: 00:06:41

Health: -3/26      AC:  5    Str: 16    XL:     3   Next: 91%
Magic:  7/7        EV: 12    Int: 14    God:
Gold:   177        SH:  0    Dex: 14    Spells: 1/7 levels left

rFire   . .          .
                       - Unarmed
rCold   . . .        (no shield)
rNeg    . . .        a - +0 robe
rPois   .            d - +0 helmet
rElec   .            i - +0 cloak
rCorr   .            (no gloves)
SInv    .            m - +0 pair of boots
Will    .....        (no amulet)
Stlth   +            o - +6 ring of strength
HPRegen 0.24/turn    (no ring)
MPRegen 0.10/turn

%: no passive effects
@: no status effects
A: (nimble swimmer 2), mertail
a: no special abilities


You were on level 3 of the Dungeon.
You visited 1 branch of the dungeon, and saw 3 of its levels.

You collected 177 gold pieces.

Inventory:

Armour
 a - a +0 robe (worn)
 d - a +0 helmet (worn)
 i - a +0 cloak (worn)
 m - a +0 pair of boots (worn)
Jewellery
 o - a +6 ring of strength (left hand)
Scrolls
 c - 3 scrolls of identify {unknown}
 g - 3 scrolls of immolation {unknown}
 h - a scroll of teleportation {unknown}
 l - a scroll of enchant weapon {unknown}
 n - a scroll of fear {unknown}
Potions
 b - 2 potions of lignification
 e - a potion of berserk rage {unknown}
 f - a potion of heal wounds {unknown}
 j - a potion of flight {unknown}
 k - a potion of resistance {unknown}


   Skills:
 - Level 1.1 Fighting
 - Level 2.6 Dodging
 + Level 4.0 Unarmed Combat
 + Level 2.7 Spellcasting
 + Level 3.8 Transmutations


You had one spell level left.
You knew the following spells:

 Your Spells              Type           Power      Damage    Failure   Level
a - Beastly Appendage     Tmut           24%        N/A       4%          1
b - Wereblood             Tmut           12%        N/A       7%          2
c - Spider Form           Tmut/Pois      7%         N/A       30%         3

Your spell library contained the following spells:

 Spells                   Type           Power      Damage    Failure   Level
 Freeze                   Ice            4%         1d3       22%         1
 Dazzling Flash           Conj/Hex       2%         N/A       54%         3
 Frozen Ramparts          Ice            2%         1d1       54%         3
 Hailstorm                Conj/Ice       1%         3d3       54%         3
 Vhi's Electric Charge    Tloc/Air       2%         N/A       54%         3
 Volatile Blastmotes      Fire/Tloc      2%         2d10      54%         3
 Ice Form                 Ice/Tmut       7%         N/A       71%         4
 Iskenderun's Mystic Bla  Conj/Tloc      1%         2d3       91%         4
 Arcjolt                  Conj/Air       0%         1d10      99%         5
 Starburst                Conj/Fire      0%         6d3       100%        6
 Maxwell's Capacitive Co  Air            0%         ∞         100%        8


Dungeon Overview and Level Annotations

Branches:
Dungeon (3/15)

Altars:


Innate Abilities, Weirdness & Mutations

((You are very nimble when in or above water. (Stealth+, EV+, Speed+++)))
Your lower body shifts to a powerful aquatic tail in water.


Message History

The quokka bites you.
You hit the quokka.
You kill the quokka!
HP restored.
You now have 177 gold pieces (gained 12).
Found a scale mail.
n - a scroll labelled NUIFYD CONAOJ
o - a +6 ring of strength You feel stronger.
o - a +6 ring of strength (left hand)
c - 3 scrolls labelled HACWOH IHUYMU (gained 1)
A white imp comes into view.
The white imp shouts!
A white imp is nearby!
You completely miss the white imp. The white imp barely misses you.
You closely miss the white imp. The white imp gestures at you.
The puff of frost hits you.
You closely miss the white imp. The white imp gestures at you.
The puff of frost misses you.
You barely miss the white imp. The white imp closely misses you.
You hit the white imp.
The white imp is lightly wounded.
The white imp gestures at you. The puff of frost hits you!
You hit the white imp but do no damage.
The white imp is lightly wounded.
The white imp hits you. The white imp freezes you.
You hit the white imp but do no damage.
The white imp is lightly wounded.
The white imp hits you. The white imp freezes you.
You punch the white imp!
The white imp is almost dead.
The white imp completely misses you.
You closely miss the white imp.
The white imp is almost dead.
The white imp gestures at you. The puff of frost hits you!
You die...

............##
####...####..#
#8.[.8# ##.#
##...## #.# #...#
#.## ##...##
#..#### #8...8#
##....#
####...#### ####.#
#8##...##8###8 #@#
................5#
.....⌠...........#
..................
#8##...##8###8###.
####...#### ## ..
#8...8# .. ##...##
... #...#


You could see a white imp.

Vanquished Creatures
  An adder (D:2)
  An orc (D:2)
  6 endoplasms
  2 giant cockroaches
  4 goblins
  2 hobgoblins
  3 jackals (D:1)
  2 kobolds (D:1)
  3 quokkas
  4 ball pythons
  4 bats
  3 frilled lizards
  5 rats (D:2)
40 creatures vanquished.

Notes
Turn   | Place    | Note
-------+----------+-------------------------------------------
     0 | D:1      | growler the Merfolk Transmuter began the quest for the Orb.
     0 | D:1      | Reached XP level 1. HP: 15/15 MP: 3/3
   390 | D:1      | Reached XP level 2. HP: 19/21 MP: 3/5
   393 | D:1      | Learned a level 2 spell: Wereblood
  1044 | D:2      | Reached XP level 3. HP: 25/26 MP: 6/6
  1048 | D:2      | Learned a level 3 spell: Spider Form
  1597 | D:2      | Reached skill level 4 in Unarmed Combat
  1964 | D:3      | Noticed a water moccasin
  2135 | D:3      | Killed from afar by a white imp

Illustrated notes

Levels and vault maps discovered:
D:1:      heliophobic_arrival_ceremonial_halls, layout_basic,
          chequers_arboretum, grunt_decor_one_mirror
D:2:      layout_basic
D:3:      layout_rooms, xom_teletrap_fun, serial_corexii_hall,
          chequers_hall_statues_y, corexii_hall_statues_x,
          corexii_hall_statues_u, corexii_hall_statues_deadend,
          corexii_hall_statues_x, corexii_hall_statues_x,
          hellmonk_ecumenical_altar_leap_of_faith, uniq_ijyb

Skill      XL: |  1  2  3 |
---------------+----------+-----
Transmutations | 3 |  3.8
Unarmed Combat | 4 |  4.0
Fighting       | |  1.1
Dodging        | |  2.6
Spellcasting   | |  2.7

Action                     || total
---------------------------++-------
  Melee: Unarmed           ||   117
         Headbutt          ||     9
         Punch             ||     2
   Cast: Beastly Appendage ||    20
         Spider Form       ||     1
         Wereblood         ||     1
   Stab: Sleeping          ||     1
 Armour: Robe              ||    26
  Dodge: Dodged            ||    65
